 Dungeon Crawl Stone Soup version 0.23-a0-704-g7fdf9c5 (webtiles) character file.

133 TheGoonsmith the Chopper (level 5, 0/47 HPs)
             Began as a Hill Orc Monk on Jan 14, 2019.
             Slain by an ogre
             ... wielding a +0 giant club
              (11 damage)
             ... on level 2 of the Dungeon.
             The game lasted 00:05:17 (2456 turns).

TheGoonsmith the Chopper (Hill Orc Monk)            Turns: 2456, Time: 00:05:18

Health: 0/47       AC: 10    Str: 15    XL:     5   Next: 16%
Magic:  5/5        EV:  7    Int: 10    God:
Gold:   150        SH:  0    Dex: 13    Spells: 4/4 levels left

rFire    . . .     SeeInvis .   u - +0 war axe
rCold    . . .     Gourm    .   (no shield)
rNeg     . . .     Faith    .   v - +0 chain mail
rPois    .         Spirit   .   (no helmet)
rElec    .         Reflect  .   g - +0 cloak
rCorr    .         Harm     .   h - +0 pair of gloves (curse)
MR       .....                  (no boots)
Stlth    ..........             (no amulet)
HPRegen  0.15/turn              (no ring)
MPRegen  0.09/turn              (no ring)

@: very slightly contaminated, invisible
A: no striking features
a: no special abilities


You were on level 2 of the Dungeon.
You were not hungry.

You visited 1 branch of the dungeon, and saw 3 of its levels.

You collected 150 gold pieces.

Inventory:

Hand Weapons
 a - a +0 hand axe
 u - a +0 war axe (weapon)
Armour
 b - a +0 robe
 g - a +0 cloak (worn)
 h - a cursed +0 pair of gloves (worn)
 v - a +0 chain mail (worn)
Jewellery
 s - a cursed ring of attention {unknown}
Scrolls
 f - a scroll of identify {unknown}
 i - 2 scrolls of amnesia {unknown}
 j - a scroll of blinking {unknown}
 m - a scroll of remove curse {unknown}
 n - a scroll of enchant weapon {unknown}
 o - a scroll of teleportation {unknown}
 q - 2 scrolls of magic mapping {unknown}
Potions
 e - 2 potions of heal wounds
 k - 2 potions of curing {unknown}
 l - a potion of agility {unknown}
 p - a potion of lignification {unknown}
 r - a potion of mutation {unknown}
Comestibles
 c - 7 rations


   Skills:
 + Level 4.9 Fighting
 * Level 6.6 Axes
 - Level 2.4 Dodging
 - Level 1.5 Stealth


You had 4 spell levels left.
You didn't know any spells.
Your spell library was empty.

Dungeon Overview and Level Annotations

Branches:
Dungeon (3/15)

Altars:
Dithmenos


Message History

You climb downwards.
The kobold barely misses you. x2
There is a stone staircase leading up here.
The ogre misses you. The kobold hits you but does no damage.
You climb upwards.
There is a stone staircase leading down here.
It was a potion of invisibility.
You fade into invisibility!
The ogre closely misses you. The kobold barely misses you.
You are very lightly contaminated with residual magic.
You hit the ogre.
The ogre is moderately wounded.
You closely miss the kobold. The kobold hits you but does no damage.
The ogre hits you with a +0 giant club!
* * * LOW HITPOINT WARNING * * *
You hit the ogre but do no damage.
The ogre is moderately wounded.
You hit the kobold.
You kill the kobold!
The ogre hits you with a +0 giant club!
You die...

......#................###....#
......#................########
......##.....#...............#
...#'###.....#...####(.......#
...#.# #.....##..# #........#
...#'###.....##..####........#
.......'.....#...............#
......##.....#.).............#
......####......@............#
......####...(..O............#
..............#######........#
..............# #........#
.........)....# ##########
..............# .......)......#
..............# ..........[...#


You could see an ogre.

Vanquished Creatures
  5 adders
  A worm (D:2)
  4 dart slugs (D:2)
  2 leopard geckos
  5 orcs
  2 giant cockroaches (D:3)
  10 goblins
  7 hobgoblins
  2 jackals (D:2)
  3 quokkas (D:2)
  2 ball pythons (D:2)
  3 bats
  6 frilled lizards
  7 kobolds
  12 rats
71 creatures vanquished.

Notes
Turn   | Place    | Note
-------+----------+-------------------------------------------
     0 | D:1      | TheGoonsmith the Hill Orc Monk began the quest for the Orb.
     0 | D:1      | Reached XP level 1. HP: 19/19 MP: 1/1
   156 | D:1      | Reached XP level 2. HP: 23/27 MP: 2/2
   732 | D:2      | Reached skill level 5 in Axes
   752 | D:2      | Reached XP level 3. HP: 20/33 MP: 3/3
  1137 | D:2      | Reached XP level 4. HP: 38/41 MP: 4/4
  1469 | D:2      | Reached skill level 6 in Axes
  1711 | D:2      | Found a shadowy altar of Dithmenos.
  1960 | D:3      | Reached XP level 5. HP: 40/47 MP: 5/5
  2429 | D:3      | Noticed an ogre
  2456 | D:2      | Slain by an ogre

Vault maps used:
D:1:      onia_arrival_mini_spirals
D:2:      minmay_alternating_diamond, grunt_dithmenos_smoke, first_ration
D:3:      serial_corexii_hall, corexii_hall_statues_u, corexii_hall_statues_l

Skill      XL: |  1  2  3  4 |
---------------+-------------+-----
Fighting       | 4 |  4.9
Axes           | 5 6 |  6.6
Dodging        | |  2.4
Stealth        | |  1.5

Action                   |  1- 3 |  4- 6 || total
-------------------------+-------+-------++-------
Melee: Hand axe          |   122 |   142 ||   264
       War axe           |       |     5 ||     5
  Use: Potion            |       |     2 ||     2
 Stab: Sleeping          |     5 |     2 ||     7
  Eat: Chunk             |     1 |     4 ||     5
Armor: Robe              |    25 |    29 ||    54
       Chain mail        |       |     3 ||     3
Dodge: Dodged            |    86 |    95 ||   181

Table legend:
 A = Non-vault XP
 B = Vault XP
 C = Vault XP percentage of total XP
 D = Non-vault monster count
 E = Vault monster count
 F = Vault count percentage of total count
                 A         B        C        D         E       F
            +---------+---------+-------+---------+---------+-------
      Total |     174 |      16 |   8.4 |      64 |       7 |   9.9
            +---------+---------+-------+---------+---------+-------
        D:1 |      29 |       0 |   0.0 |      18 |       0 |   0.0
        D:2 |     109 |      16 |  12.8 |      33 |       7 |  17.5
        D:3 |      36 |       0 |   0.0 |      13 |       0 |   0.0
            +---------+---------+-------+---------+---------+-------
